 Dungeon Crawl Stone Soup version 0.30.2 (webtiles) character file.

Game seed: 8412748623178719655

8925 porpoise the Skirmisher (level 11, -7/89 HPs)
             Began as a Minotaur Hunter on Jan 20, 2024.
             Was a Believer of Hepliaklqana.
             Mangled by a skeletal warrior
             ... wielding a +0 broad axe
              (19 damage)
             ... on level 10 of the Dungeon.
             The game lasted 00:35:29 (8397 turns).

porpoise the Skirmisher (Minotaur Hunter)           Turns: 8397, Time: 00:35:29

Health: -7/89      AC: 11    Str: 16    XL:     11   Next: 16%
Magic:  12/12      EV: 11    Int:  6    God:    Hepliaklqana [**....]
Gold:   689        SH:  0    Dex: 18    Spells: 10/10 levels left

rFire   + . .        w - +0 arbalest
rCold   + . .        (shield currently unavailable)
rNeg    . . .        u - +4 scale mail
rPois   .            (helmet restricted)
rElec   .            V - scarf {rC+ rF+}
rCorr   .            (no gloves)
SInv    .            (no boots)
Will    .....        h - amulet of regeneration Stlth
                     (no ring)
HPRegen 1.14/turn    (no ring)
MPRegen 0.13/turn

%: no passive effects
@: no status effects
A: reduced essence, horns 2, retaliatory headbutt
a: Renounce Religion, Ancestor Life: Knight, Ancestor Life: Battlemage, Ancestor
Life: Hexer, Recall Ancestor, Ancestor Identity


You were on level 10 of the Dungeon.
You worshipped Hepliaklqana.
Hepliaklqana was pleased with you.
You visited 2 branches of the dungeon, and saw 11 of its levels.
You also visited: Ossuary and Bailey.

You collected 689 gold pieces.

Inventory:

Hand Weapons
 a - a +1 shortbow of freezing
 b - a +1 short sword of venom
 f - a +1 dagger of electrocution
 j - the +5 spear of the Foot {freeze, rF+ rC- rN+ SInv Stlth+}
   (You found it on level 8 of the Dungeon)

   rF:        It protects you from fire.
   rC:        It makes you vulnerable to cold.
   rN:        It protects you from negative energy.
   SInv:      It lets you see invisible.
   Stlth:     It makes you more stealthy.
 w - a +0 arbalest (weapon)
 y - a +2 scimitar of flaming
 F - a +0 broad axe
 J - a +4 great sword
 T - a +0 war axe of venom
Missiles
 q - 24 poisoned darts
Armour
 k - a scarf of invisibility
 t - a +0 cloak
 u - a +4 scale mail (worn)
 v - a +0 ring mail of fire resistance
 S - a +1 ring mail of willpower
 V - a scarf of resistance (worn)
Jewellery
 h - an amulet of regeneration (around neck)
 i - a +6 ring of intelligence
Wands
 x - a wand of polymorph (14)
 E - a wand of paralysis (7)
 H - a wand of roots (14)
 K - a wand of flame (30)
Scrolls
 g - a scroll of identify
 l - 4 scrolls of enchant weapon
 m - 4 scrolls of blinking
 o - a scroll of brand weapon
 p - 4 scrolls of teleportation
 A - a scroll of noise
 B - 3 scrolls of vulnerability
 D - a scroll of immolation
 G - 3 scrolls of enchant armour
 I - a scroll of silence
 L - a scroll of poison
 Q - 2 scrolls of magic mapping
 W - a scroll of fog
Potions
 c - 2 potions of heal wounds
 d - 2 potions of berserk rage
 e - 6 potions of curing
 n - 7 potions of cancellation
 r - 3 potions of magic
 s - 2 potions of lignification
 z - a potion of attraction
 C - 3 potions of haste
 M - 7 potions of invisibility
 N - 3 potions of mutation
 O - 4 potions of brilliance {unknown}
 P - 3 potions of might
 R - a potion of degeneration {unknown}
 U - a potion of resistance


   Skills:
 + Level 10.1 Fighting
 * Level 14.2 Ranged Weapons
 - Level 7.0 Armour
 + Level 2.8 Dodging
 - Level 0.7 Stealth
 - Level 3.0 Invocations
 - Level 5.0 Evocations


You had 10 spell levels left.
You didn't know any spells.
Your spell library contained the following spells:

 Spells                   Type           Power      Damage    Failure   Level
 Magic Dart               Conj           0%         1d3       83%         1
 Cigotuvi's Dreadful Rot  Necr/Pois/Air  0%         N/A       93%         2
 Searing Ray              Conj           0%         2d4       93%         2
 Static Discharge         Conj/Air       0%         2-2/arc   93%         2
 Inner Flame              Hex/Fire       0%         N/A       99%         3
 Airstrike                Air            0%         2d(0-16)  100%        4
 Dispel Undead            Necr           0%         3d6       100%        4
 Flame Wave               Conj/Fire      0%         2d4       100%        4
 Fulminant Prism          Conj/Hex       0%         3d5       100%        4
 Sticky Flame             Conj/Fire      0%         2d3       100%        4
 Summon Lightning Spire   Summ/Air       0%         N/A       100%        4
 Yara's Violent Unravell  Hex/Tmut       0%         3d3       100%        5
 Death Channel            Necr           0%         N/A       100%        6
 Enfeeble                 Hex            0%         N/A       100%        7
 Storm Form               Tmut/Air       0%         N/A       100%        7
 Maxwell's Capacitive Co  Air            0%         ∞         100%        8


Dungeon Overview and Level Annotations

Branches:
Dungeon (10/15)            Temple (1/1) D:7            Lair (0/5) D:9
    Orc (0/2) D:9         Ossuary (visited)          Bailey (visited)

Altars:
Elyvilon
Fedhas
Gozag
Hepliaklqana
Kikubaaqudgha
Nemelex Xobeh
Qazlal
Sif Muna
Trog
Uskayaw
Wu Jian
Xom
Zin

Shops:
D:2 ?

Annotations:
D:9 2 transporters, BaconRulez's ghost, journeyman HuFi
D:10 Lodul; Nergalle


Innate Abilities, Weirdness & Mutations

Your life essence is reduced to manifest your ancestor. (-10% HP)
You have a pair of horns on your head.
You reflexively headbutt those who attack you in melee.


Message History

You shoot a bolt. The bolt hits the skeletal warrior.
The skeletal warrior is lightly damaged.
You shoot a bolt.
The bolt closely misses the skeletal warrior.
You shoot a bolt. The bolt hits the skeletal warrior!
The skeletal warrior is moderately damaged.
The skeletal warrior closely misses you.
The skeletal warrior hits you with a +0 broad axe!!
You shoot a bolt.
The bolt barely misses the skeletal warrior.
The skeletal warrior hits you with a +0 broad axe!!
You shoot a bolt. The bolt hits the skeletal warrior.
The skeletal warrior is heavily damaged.
The skeletal warrior hits you with a +0 broad axe!
You are too injured to fight recklessly!
You are too injured to fight recklessly!
You shoot a bolt.
The bolt hits the skeletal warrior but does no damage.
The skeletal warrior is moderately damaged.
The skeletal warrior hits you with a +0 broad axe.
The skeletal warrior hits you with a +0 broad axe!
You shoot a bolt. The bolt hits the skeletal warrior.
The skeletal warrior is heavily damaged.
The skeletal warrior closely misses you.
You shoot a bolt.
The bolt hits the skeletal warrior but does no damage.
The skeletal warrior is heavily damaged.
The skeletal warrior hits you with a +0 broad axe.
The skeletal warrior closely misses you.
You shoot a bolt.
The bolt closely misses the skeletal warrior.
The skeletal warrior hits you with a +0 broad axe.
You shoot a bolt. The bolt hits the skeletal warrior!!
The skeletal warrior is severely damaged.
The skeletal warrior hits you with a +0 broad axe!!
* * * LOW HITPOINT WARNING * * *
You shoot a bolt.
The bolt closely misses the skeletal warrior.
The skeletal warrior hits you with a +0 broad axe!!
You die...

#. . #.#. #..#####
###### #......#
#....## #....>.#
#.)...###......##
#..(..#.##......#
.#.......#.@...#
......##.)..z....#
####..............)..
#.........##.).##..#
##........# #...#...
#........## #..##(.
#.......... .......
#..#........ .....
.........##.. ...


You could see a skeletal warrior.

Vanquished Creatures
  Erolcha (D:9)
  Erica (D:9)
  Pikel (D:8)
  An orc knight (Bailey)
  A gargoyle (D:10)
  A troll (D:9)
  A vampire (D:10)
  Sigmund (D:5)
  2 yaks (D:10)
  A wyvern (D:9)
  A steam dragon (D:6)
  A warg (D:9)
  An acid dragon (D:9)
  A sky beast (D:6)
  3 orc warriors
  2 ice beasts
  3 black bears
  6 ogres
  2 phantoms (D:4)
  2 centaurs (D:6)
  A lemure (D:8)
  An elf zombie (Ossuary)
  Blork the orc (D:6)
  A bullfrog (D:8)
  A gnoll sergeant (D:7)
  3 scorpions
  10 wights
  17 killer bees
  3 hounds
  4 centaur zombies (Ossuary)
  An orc priest (D:5)
  A jelly (D:8)
  Crazy Yiuf (D:3)
  2 gnoll boudas (D:6)
  Terence (D:2)
  6 iguanas
  4 orc wizards
  2 mummies (Ossuary)
  22 gnolls
  12 adders
  2 white imps
  An ufetubus (D:5)
  2 adder zombies (Ossuary)
  2 worms
  A dart slug (D:2)
  28 orcs
  6 bats
  6 endoplasms
  2 giant cockroaches
  7 goblins
  12 hobgoblins
  9 jackals
  4 quokkas
  6 ball pythons
  4 frilled lizards
  16 hobgoblin zombies (Ossuary)
  2 jackal zombies (Ossuary)
  16 kobolds
  5 kobold zombies (Ossuary)
  6 orc zombies (Ossuary)
  9 rats
273 creatures vanquished.

Vanquished Creatures (collateral kills)
  A kobold demonologist (D:9)
  A wyvern (D:8)
  A water moccasin (D:8)
  A kobold brigand (D:9)
  A wight (D:9)
  2 killer bees (D:9)
  An orc wizard (D:10)
  A gnoll (Bailey)
  7 orcs
  A hobgoblin (D:9)
  A kobold (D:9)
18 creatures vanquished.

Vanquished Creatures (others)
  A jelly (D:6)
  4 ancestors
5 creatures vanquished.

Grand Total: 296 creatures vanquished

Notes
Turn   | Place    | Note
-------+----------+-------------------------------------------
     0 | D:1      | porpoise the Minotaur Hunter began the quest for the Orb.
     0 | D:1      | Reached XP level 1. HP: 18/18 MP: 0/0
    83 | D:1      | Reached XP level 2. HP: 25/25 MP: 1/1
   193 | D:1      | Reached skill level 5 in Ranged Weapons
   580 | D:2      | Found a glowing silver altar of Zin.
   590 | D:2      | Reached XP level 3. HP: 26/31 MP: 2/2
   630 | D:2      | Found a faded altar of an unknown god.
   734 | D:2      | Found Pemivese's Magic Scroll Emporium.
  1076 | D:2      | Noticed Terence
  1086 | D:2      | Killed Terence
  1087 | D:2      | Reached skill level 1 in Armour
  1087 | D:2      | Reached XP level 4. HP: 31/38 MP: 3/3
  1691 | D:3      | Found a runed translucent door.
  1692 | D:3      | Noticed Crazy Yiuf
  1709 | D:3      | Killed Crazy Yiuf
  1710 | D:3      | Reached skill level 6 in Ranged Weapons
  1710 | D:3      | Reached XP level 5. HP: 29/46 MP: 4/4
  1893 | D:4      | Noticed a phantom
  1900 | D:4      | Reached XP level 6. HP: 46/53 MP: 5/5
  2037 | D:4      | Found a white marble altar of Elyvilon.
  2110 | D:4      | Reached skill level 7 in Ranged Weapons
  2118 | D:4      | Reached skill level 5 in Fighting
  2118 | D:4      | Reached XP level 7. HP: 8/61 MP: 6/6
  2471 | D:4      | Noticed a +0 dagger
  2471 | D:4      | Noticed a +0 falchion
  2472 | D:4      | Noticed a +0 dagger
  2472 | D:4      | Noticed a +0 short sword
  2472 | D:4      | Noticed a +0 falchion
  2475 | D:4      | Noticed a +0 spear
  2475 | D:4      | Noticed a +0 spear
  2475 | D:4      | Noticed a +0 short sword
  2482 | D:4      | Found a hide-covered altar of Uskayaw.
  2547 | D:4      | Found an ornate altar of the Wu Jian Council.
  2574 | D:4      | Reached skill level 8 in Ranged Weapons
  2631 | D:4      | Found a shimmering altar of Xom.
  2680 | D:5      | Entered Level 5 of the Dungeon
  3042 | D:5      | Noticed Sigmund
  3083 | D:5      | Killed Sigmund
  3084 | D:5      | Reached skill level 5 in Armour
  3084 | D:5      | Reached XP level 8. HP: 70/70 MP: 7/7
  3145 | D:5      | Reached skill level 9 in Ranged Weapons
  4017 | D:6      | Reached skill level 10 in Ranged Weapons
  4211 | D:6      | Reached XP level 9. HP: 67/79 MP: 8/8
  4267 | D:6      | Noticed Blork the orc
  4288 | D:6      | Killed Blork the orc
  4577 | D:7      | Reached skill level 11 in Ranged Weapons
  4792 | D:7      | Found a shimmering blue altar of Sif Muna.
  4842 | D:7      | Found a staircase to the Ecumenical Temple.
  4848 | Temple   | Entered the Ecumenical Temple
  4854 | Temple   | Became a worshipper of Hepliaklqana the Forgotten
  4883 | D:7      | HP: 4/81 [poisoned by a killer bee]
  5257 | D:8      | Found a sand-covered staircase.
  5265 | Ossuary  | Entered an ossuary
  5495 | Ossuary  | Reached skill level 12 in Ranged Weapons
  5573 | D:8      | Found a flagged portal.
  5583 | D:8      | Identified the +5 spear of the Foot {freeze, rF+ rC- rN+
                  | SInv Stlth+}
  5608 | Bailey   | Entered a bailey
  5808 | Bailey   | Reached * piety under Hepliaklqana
  5846 | Bailey   | Noticed an orc knight
  5861 | Bailey   | Killed an orc knight
  5862 | Bailey   | Reached skill level 1 in Evocations
  5862 | Bailey   | Reached XP level 10. HP: 41/81 MP: 9/9
  6136 | D:8      | Noticed Pikel
  6154 | D:8      | Killed Pikel
  6333 | D:8      | Reached skill level 13 in Ranged Weapons
  6721 | D:9      | Found a staircase to the Orcish Mines.
  6813 | D:9      | Noticed a sun demon
  6880 | D:9      | Found a staircase to the Lair.
  6951 | D:9      | Reached ** piety under Hepliaklqana
  7171 | D:9      | Reached skill level 14 in Ranged Weapons
  7332 | D:9      | Noticed BaconRulez's ghost (journeyman HuFi)
  7334 | D:9      | Noticed a moth of wrath
  7352 | D:9      | Found a transporter.
  7383 | D:9      | Found a transporter.
  7396 | D:9      | Noticed Erolcha
  7405 | D:9      | Noticed Erica
  7418 | D:9      | Killed Erica
  7419 | D:9      | Killed Erolcha
  7420 | D:9      | Reached skill level 5 in Evocations
  7841 | D:9      | Reached XP level 11. HP: 79/89 MP: 11/11
  8124 | D:10     | Entered Level 10 of the Dungeon
  8136 | D:10     | Reached skill level 10 in Fighting
  8165 | D:10     | Noticed a two-headed ogre
  8165 | D:10     | Noticed Nergalle
  8166 | D:10     | Found an ancient bone altar of Kikubaaqudgha.
  8166 | D:10     | Noticed a skeletal warrior
  8167 | D:10     | Noticed a skeletal warrior
  8167 | D:10     | Noticed a skeletal warrior
  8168 | D:10     | Noticed a skeletal warrior
  8170 | D:10     | Noticed Lodul
  8397 | D:10     | Mangled by a skeletal warrior

Illustrated notes

Levels and vault maps discovered:
D:1:      kennysheep_arrival_forest, layout_rooms, serial_aquarium,
          aquarium_bridge_straight [aquarium_subvault_bridge,
          aquarium_subvault_balcony, aquarium_subvault_bridge,
          aquarium_subvault_window], aquarium_bridge_straight
          [aquarium_subvault_bridge, aquarium_subvault_wall,
          aquarium_subvault_bridge, aquarium_subvault_wall],
          aquarium_window_fake, aquarium_window_fake, aquarium_window_1,
          aquarium_view_2d, aquarium_view_2e, aquarium_pool_side
D:2:      layout_basic, basic_altar,
          hellmonk_ecumenical_altar_pennies_from_heaven, serial_shops,
          nicolae_diamond_shop, minivault_26, minmay_circle_x, uniq_terence
D:3:      layout_basic, uniq_crazy_yiuf_cottage
D:4:      layout_gridville, amcnicky_altar_gilded,
          nicolae_wu_jian_immortal_techniques, nicolae_uskayaw_en_pointe,
          general_overflow_altar
D:5:      layout_gridville, uniq_sigmund
D:6:      layout_rooms, corexii_hall_statues_i, uniq_blork_the_orc
D:7:      layout_basic, mainiacjoe_overflow_alcove_2,
          minmay_temple_entry_metal_lava
D:8:      layout_cave_pods, enter_ossuary_5, enter_bailey_2,
          ebering_dispersal_statue_hall, minmay_misc_feat_rugged, uniq_pikel
D:9:      layout_stronghold, lair_entry_dummy, erik_orc_3,
          gammafunk_ghost_berserking_beasts, uniq_erica, uniq_erolcha
D:10:     layout_cave_pools, mainiacjoe_overflow_concentric_impassable,
          uniq_nergalle, uniq_lodul
Temple:   eino_temple_rhombus

Skill      XL: |  1  2  3  4  5  6  7  8  9 10 11 |
---------------+----------------------------------+-----
Fighting       | 3 4 5 6 7 9 10 | 10.1
Ranged Weapons | 5 6 7 8 10 12 14 | 14.2
Armour         | 1 2 3 5 6 7 |  7.0
Evocations     | 1 5 |  5.0
Invocations    | 2 3 |  3.0
Dodging        | |  2.8
Stealth        | |  0.7

Action                     |  1- 3 |  4- 6 |  7- 9 | 10-12 || total
---------------------------+-------+-------+-------+-------++-------
  Melee: Short sword       |       |       |   106 |    34 ||   140
         Headbutt          |       |       |    16 |     4 ||    20
         Punch             |       |       |     4 |     1 ||     5
   Fire: Shortbow          |   113 |   137 |   459 |   184 ||   893
         Arbalest          |       |       |       |    52 ||    52
 Invoke: Recall Ancestor   |       |       |       |     1 ||     1
         Ancestor Identity |       |       |       |     1 ||     1
  Evoke: Wand              |       |       |     7 |       ||     7
    Use: Scroll            |       |     8 |     9 |     7 ||    24
         Potion            |       |       |     1 |     1 ||     2
 Armour: Leather armour    |    12 |       |       |       ||    12
         Scale mail        |       |    28 |   289 |    52 ||   369
  Dodge: Dodged            |    28 |    52 |   232 |    95 ||   407
